 Dungeon Sprint DCSS version 0.24-a0-537-g2d01d4a (webtiles) character file.

Game seed: 3744093686117913644

127 Faca the Quickloader (level 5, -3/43 HPs)
             Began as a Formicid Hunter on Aug 16, 2019.
             Was a Believer of the Shining One.
             Slain by a +3 short sword of venom (10 damage)
             ... in the Dungeon (Sprint V: "Ziggurat Sprint").
             The game lasted 00:02:20 (161 turns).

Faca the Quickloader (Formicid Hunter)               Turns: 161, Time: 00:02:21

Health: -3/43      AC:  7    Str: 29    XL:     5   Next: 33%
Magic:  5/5        EV:  8    Int: 11    God:    the Shining One [**....]
Gold:   0          SH: 11    Dex: 11    Spells: 4/4 levels left

rFire    + . .     SeeInvis +   a - +9 heavy crossbow "Sniper" {velocity, Acc+∞ SInv}
rCold    . . .     Gourm    .   o - +3 shield
rNeg     + . .     Faith    .   b - +1 scale mail {rF+}
rPois    .         Spirit   .   (helmet unavailable)
rElec    .         Reflect  .   (no cloak)
rCorr    .         Harm     .   (no gloves)
MR       .....                  (no boots)
Stlth    ..........             (no amulet)
HPRegen  0.14/turn              G - +6 ring of strength
MPRegen  0.09/turn              H - +6 ring of strength

@: lethally poisoned (-3 -> -16), flying (expiring), glowing
A: permanent stasis, dig shafts and tunnels, four strong arms, antennae 3
a: Dig, Divine Shield, Renounce Religion


You were in the Dungeon.
You worshipped the Shining One.
The Shining One was pleased with you.
You were not hungry.

You visited 1 branch

Inventory:

Hand Weapons
 a - the +9 heavy crossbow "Sniper" (weapon) {velocity, Acc+∞ SInv}
   (You found it in the Dungeon)

   Any bolt fired from it inflicts extra damage.
   It lets you see invisible.
 L - a +5 arbalest
 M - a +5 hand crossbow
Missiles
 d - 1016 bolts (quivered)
Armour
 b - a +1 scale mail of fire resistance (worn)
 l - +5 gold dragon scales
 m - +5 storm dragon scales
 n - a +3 large shield
 o - a +3 shield (worn)
Jewellery
 B - an uncursed ring of flight
 C - a +6 ring of dexterity
 D - a +6 ring of dexterity
 E - a +6 ring of intelligence
 F - a +6 ring of intelligence
 G - a +6 ring of strength (left hand)
 H - a +6 ring of strength (right hand)
Wands
 I - a wand of disintegration (7)
 J - a wand of iceblast (7)
 K - a wand of acid (7)
Scrolls
 k - 4 scrolls of blinking
 v - 4 scrolls of amnesia
 w - 7 scrolls of fog
 x - a scroll of holy word
 y - 5 scrolls of identify
 z - 5 scrolls of remove curse
 A - 2 scrolls of fear
Potions
 e - 10 potions of curing
 g - 10 potions of heal wounds
 h - 6 potions of haste
 i - 7 potions of magic
 j - 3 potions of berserk rage
 p - 2 potions of brilliance
 q - 2 potions of invisibility
 r - 4 potions of resistance
 t - 5 potions of agility
 u - 5 potions of might
Comestibles
 f - 7 rations


   Skills:
 + Level 4.9 Fighting
 + Level 10.7 Crossbows
 - Level 0.4 Armour
 - Level 2.2 Dodging
 - Level 1.4 Stealth
 - Level 0.2 Shields


You had 4 spell levels left.
You didn't know any spells.
Your spell library contained the following spells:

 Spells                   Type           Power        Failure   Level  Hunger
 Summon Butterflies       Summ           #.......     99%         1    ##.....
 Call Imp                 Summ           #.......     100%        2    ###....
 Corpse Rot               Necr           N/A          100%        2    ###....
 Sublimation of Blood     Necr           #.........   100%        2    ###....
 Recall                   Summ/Tloc      N/A          100%        3    ####...
 Agony                    Necr           #.......     100%        5    ######.
 Aura of Abjuration       Summ           #.........   100%        5    ######.
 Bolt of Draining         Conj/Necr      #.........   100%        5    ######.
 Dispel Undead            Necr           #.......     100%        5    ######.
 Excruciating Wounds      Chrm/Necr      #.........   100%        5    ######.
 Summon Mana Viper        Hex/Summ       #.......     100%        5    ######.


Dungeon Overview and Level Annotations

Branches:
Dungeon (1/1)

Altars:
Ashenzari
Cheibriados
Dithmenos
Elyvilon
Fedhas
Gozag
Hepliaklqana
Kikubaaqudgha
Makhleb
Nemelex Xobeh
Okawaru
Qazlal
Ru
Sif Muna
Trog
Uskayaw
Vehumet
Wu Jian
Xom
Yredelemnul
Zin
The Shining One
Beogh
Jiyva
Lugonu

Annotations:
D 1 transporter


Innate Abilities, Weirdness & Mutations

You cannot be hasted, slowed, berserked, paralysed or teleported.
You can dig through walls and to a lower floor.
Your four strong arms can wield two-handed weapons with a shield.
You have a pair of large antennae on your head. (SInv)


Message History

There is a +3 short sword of venom.
The deep elf knight shouts!
A vortex of raging winds appears around the air elemental!
Found four items.
Found a transporter.
Firing (i - inventory)
d - 1017 bolts (quivered)
Press: ? - help, Shift-Dir - straight line, f - air elemental
Aim: an air elemental (haloed)
You shoot a bolt. The bolt hits the air elemental!!
The air elemental is severely damaged.
The vortex of raging winds lifts you up.
You fly up into the air.
You block the air elemental's attack.
The air elemental hits you but does no damage.
The air elemental hits you! The +3 short sword of venom hits you!
You are lethally poisoned!
The air elemental hits you.
* * * LOW HITPOINT WARNING * * *
The deep elf knight mumbles some strange words.
The deep elf knight flickers and vanishes for a moment.
The +3 short sword of venom hits you!
You die...

▓▓▓▓▓▓▓▓▓▓▓▓▓▓▓▓▓▓▓
▓.8©8.▓.8©8.▓.8©8.▓
▓.::[.▓.[.[.▓.....▓
▓§§§§§▓.....▓...[.▓
▓§e§§§▓.)...▓.....▓
▓§§(§§▓.....▓...†.▓
▓§§EE§▓..)..▓..©..▓
▓§§§(@▓..©..▓▓▓▓▓▓▓
▓▓▓▓▓▓▓▓▓▓▓▓▓ {{{
{{{ { { {


You could see a deep elf knight (invisible), a water elemental, an air elemental
and a +3 short sword of venom.

Vanquished Creatures
  A bullfrog (D)
  2 orc wizards (D)
  An orc (D)
  A jackal (D)
5 creatures vanquished.

Notes
Turn   | Place    | Note
-------+----------+-------------------------------------------
     0 | D        | Faca the Formicid Hunter began the quest for the Orb.
     0 | D        | Reached XP level 1. HP: 16/16 MP: 1/1
     3 | D        | Found a blossoming altar of Fedhas.
     4 | D        | Found the +6 Majin-Bo {vamp, Archmagi MP+6 Int+6}
     4 | D        | Found the +7 great mace "Firestarter" {inner flame, rF++}
    12 | D        | Found a shimmering blue altar of Sif Muna.
    12 | D        | Found a sacrificial altar of Ru.
    12 | D        | Found a bloodstained altar of Trog.
    12 | D        | Found a stormy altar of Qazlal.
    12 | D        | Found an iron altar of Okawaru.
    12 | D        | Found a sparkling altar of Nemelex Xobeh.
    14 | D        | Found a transporter.
    14 | D        | Found an ancient bone altar of Kikubaaqudgha.
    14 | D        | Found a viscous altar of Jiyva.
    14 | D        | Found a corrupted altar of Lugonu.
    14 | D        | Found a hazy altar of Hepliaklqana.
    14 | D        | Found a burning altar of Makhleb.
    14 | D        | Found an opulent altar of Gozag.
    44 | D        | Found the +9 heavy crossbow "Sniper" {velocity, Acc+∞ SInv}
    44 | D        | Found the +10 dark maul {crush}
    44 | D        | Found the +15 Maxwell's patent armour {-Cast -Tele rElec
                  | MR+ rCorr}
    44 | D        | Found the +18 shield of the Gong {rElec rN+ MR+ EV-5}
    44 | D        | Found the cursed +14 obsidian axe {chop, +Fly SInv *Curse}
    45 | D        | Found the +6 shillelagh "Devastator" {shatter}
    45 | D        | Found the +11 plutonium sword {*Contam Stlth-}
    45 | D        | Found the +8 lance "Wyrmbane" {slay drac, rPois rF+ rC+
                  | AC+3}
    45 | D        | Found the +9 sword of Zonguldrok {reap}
    45 | D        | Found the cursed +13 scythe of Curses {drain, *Curse}
    45 | D        | Found the +0 sword of Power
    45 | D        | Found the +7 mace of Variability {chain chaos}
    45 | D        | Found the +7 Singing Sword {slice, sonic wave}
    45 | D        | Found the +8 storm bow {elec, penet}
    58 | D        | Became a worshipper of the Shining One
    60 | D        | Reached skill level 8 in Crossbows
    60 | D        | Reached XP level 2. HP: 22/22 MP: 2/2
    73 | D        | Entered arena 2.
    73 | D        | Noticed a bullfrog
    73 | D        | Found a transporter.
    75 | D        | Killed a bullfrog
    75 | D        | Reached skill level 10 in Crossbows
    75 | D        | Reached XP level 3. HP: 23/28 MP: 3/3
    75 | D        | Reached XP level 4. HP: 28/34 MP: 4/4
   144 | D        | Entered arena 3.
   144 | D        | Reached * piety under the Shining One
   144 | D        | Found a transporter.
   146 | D        | Reached XP level 5. HP: 42/42 MP: 5/5
   158 | D        | Got the Disquisition on the Escort
   160 | D        | Entered arena 4.
   160 | D        | Noticed a water elemental
   160 | D        | Noticed a deep elf knight
   160 | D        | Noticed a +3 short sword of venom
   160 | D        | Noticed an air elemental
   160 | D        | Reached ** piety under the Shining One
   160 | D        | Found a transporter.
   161 | D        | Slain by a +3 short sword of venom

Levels and vault maps discovered:
D:        sprint_v [room_start, room_1, room_2, room_3, room_4, room_5, room_6,
          room_7, room_8, room_9, room_10, room_11, room_12, room_13, room_14,
          room_15, room_16, room_17, room_18, room_19, room_20, room_21,
          room_22, room_23, room_24, room_25, room_26, room_27]

Skill      XL: |  1  2  3  4 |
---------------+-------------+-----
Crossbows      | 8 10 | 10.7
Dodging        | 2 |  2.2
Fighting       | 4 |  4.9
Armour         | |  0.4
Stealth        | |  1.4
Shields        | |  0.2

Action                   |  1- 3 |  4- 6 || total
-------------------------+-------+-------++-------
 Fire: Heavy crossbow    |     2 |     6 ||     8
  Use: Potion            |     1 |       ||     1
Armor: Scale mail        |       |     1 ||     1
Dodge: Dodged            |     1 |     1 ||     2
Block: Shield            |     3 |     1 ||     4

Table legend:
 A = Non-vault XP
 B = Vault XP
 C = Vault XP percentage of total XP
 D = Non-vault monster count
 E = Vault monster count
 F = Vault count percentage of total count
                 A         B        C        D         E       F
            +---------+---------+-------+---------+---------+-------
      Total |       0 |     173 | 100.0 |       0 |       5 | 100.0
            +---------+---------+-------+---------+---------+-------
          D |       0 |     173 | 100.0 |       0 |       5 | 100.0
            +---------+---------+-------+---------+---------+-------
